 Dungeon Crawl Stone Soup version 0.24.0-37-gcf1ca852f1 (webtiles) character file.

Game seed: 1160793885367661023, levelgen mode: deterministic

93 Descartes the Sneak (level 4, -1/19 HPs)
             Began as a Felid Transmuter on Nov 24, 2019.
             Slain by a goblin (3 damage)
             ... led by Robin
             ... on level 3 of the Dungeon.
             The game lasted 00:05:25 (3688 turns).

Descartes the Sneak (Felid Transmuter)              Turns: 3688, Time: 00:05:26

Health: -1/19      AC:  1    Str:  7    XL:     4   Next: 37%
Magic:  17/17      EV: 18    Int: 14    God:
Gold:   124        SH:  0    Dex: 17    Spells: 6/7 levels left
                                        Lives:  0   Deaths: 1

rFire    . . .     SeeInvis +     - Unarmed
rCold    . . .     Gourm    .   (shield unavailable)
rNeg     . . .     Faith    .   (armour unavailable)
rPois    .         Spirit   .   (helmet unavailable)
rElec    .         Reflect  .   (cloak unavailable)
rCorr    .         Harm     .   (gloves unavailable)
MR       .....                  (boots unavailable)
Stlth    ++++......             (no amulet)
HPRegen  0.06/turn              l - ring of magical power
MPRegen  0.15/turn              (no ring)

@: quick
A: very small, no armour, no weapons or thrown items, stealth, claws 1, fangs 3,
see invisible, carnivore, speed 1, shaggy fur 1, slow metabolism 1, sharp paws
a: no special abilities


You were on level 3 of the Dungeon.
You were completely stuffed.

You visited 1 branch of the dungeon, and saw 3 of its levels.

You collected 124 gold pieces.

Inventory:

Missiles
 a - 36 arrows
 e - 62 stones
Jewellery
 l - a ring of magical power (left paw)
Scrolls
 b - 2 scrolls of teleportation
 g - 2 scrolls of enchant weapon {unknown}
 i - 2 scrolls of remove curse {unknown}
 j - a scroll of enchant armour {unknown}
 k - a scroll of fog {unknown}
Potions
 f - a potion of agility
 m - a potion of invisibility
Comestibles
 c - 4 rations
 d - 5 chunks of flesh


   Skills:
 - Level 1.0 Fighting
 + Level 3.3 Dodging
 * Level 5.6 Stealth
 + Level 4.0 Unarmed Combat
 - Level 2.0 Spellcasting
 - Level 2.1 Transmutations


You had 6 spell levels left.
You knew the following spells:

 Your Spells              Type           Power        Failure   Level  Hunger
a - Beastly Appendage     Tmut           #.....       10%         1    ##.....

Your spell library contained the following spells:

 Spells                   Type           Power        Failure   Level  Hunger
 Sticks to Snakes         Tmut           #.......     14%         2    ###....
 Spider Form              Tmut/Pois      #.........   41%         3    ####...
 Ice Form                 Ice/Tmut       #.......     83%         4    #####..
 Blade Hands              Tmut           #.........   95%         5    ######.


Dungeon Overview and Level Annotations

Branches:
Dungeon (3/15)

Altars:

Annotations:
D:3 Robin


Innate Abilities, Weirdness & Mutations

You cannot wear armour.
You are incapable of wielding weapons or throwing items.
Your paws allow you to move quietly. (Stealth)
You have sharp claws.
You have razor-sharp teeth.
You have supernaturally acute eyesight. (SInv)
You are carnivorous and can eat meat at any time.
You cover ground quickly.
You are covered in fur. (AC +1)
You have a slow metabolism.
Your sharp claws are effective at attacking unaware monsters.


Message History

The goblins go into a battle-frenzy!
You scratch Robin but do no damage.
Robin is severely wounded.
The goblin closely misses you. x2
Robin throws the goblin at you! The goblin barely misses you.
You closely miss the goblin. Robin throws the goblin at you!
The goblin hits you but does no damage. The goblin completely misses you.
You scratch the goblin.
You kill the goblin!
Your horns disappear.
The goblin hits you with a +0 dagger. The goblin closely misses you.
The goblin misses you. Robin throws the goblin at you!
The goblin barely misses you. The goblin hits you with a +0 dagger.
The goblin hits you but does no damage. Robin throws the goblin at you!
* * * LOW HITPOINT WARNING * * *
The goblin completely misses you. The goblin hits you.
* * * LOW HITPOINT WARNING * * *
The goblin hits you.
You die...

##.# ########.##.# #...#
.#.######......#.#<.#####...#####
...............).................
......###.####.#.#####......#####
........# #.#..รท.............#
......#.#[ #.#..)..........##.#
........[...##.#........(....#...
...o............gg...)...<.......
....(.#.#. ##..@ggg.....)...S...
.##....... ###gg.......(.......
.# ....... #..g.............. .#
#.... #.................
#...........).....
#...#'#...........
#...#.##h####..... #### ##.##.#
.# ##.... ...##### #. .# # #....


You could see Robin, a jackal (wandering), a hobgoblin and 6 goblins.

Vanquished Creatures
  Terence (D:2)
  6 adders
  An ooze (D:2)
  3 dart slugs (D:2)
  2 leopard geckos
  4 orcs
  6 giant cockroaches
  12 goblins
  5 hobgoblins
  2 jackals (D:3)
  A ball python (D:1)
  6 bats
  5 frilled lizards
  7 kobolds
  8 rats
69 creatures vanquished.

Notes
Turn   | Place    | Note
-------+----------+-------------------------------------------
     0 | D:1      | Descartes the Felid Transmuter began the quest for the Orb.
     0 | D:1      | Reached XP level 1. HP: 9/9 MP: 4/4
    33 | D:1      | Reached skill level 1 in Stealth
   316 | D:1      | Reached skill level 2 in Stealth
   316 | D:1      | Reached XP level 2. HP: 10/12 MP: 6/6
   804 | D:1      | Reached skill level 3 in Stealth
  1130 | D:2      | Reached XP level 3. HP: 15/15 MP: 7/7
  1652 | D:2      | Reached skill level 4 in Stealth
  1990 | D:2      | Noticed Terence
  1997 | D:2      | Killed Terence
  1997 | D:2      | Reached XP level 4. HP: 19/19 MP: 8/8
  2569 | D:3      | Reached skill level 5 in Stealth
  2901 | D:3      | Noticed Robin
  3252 | D:3      | Reached XP level 5. HP: 15/22 MP: 9/9
  3461 | D:3      | Asphyxiated
  3462 | D:3      | Reached XP level 4. HP: -2/19 MP: 8/8
  3688 | D:3      | Slain by a goblin

Levels and vault maps discovered:
D:1:      dpeg_arrival_rooms_a, layout_basic, minmay_statues_item
D:2:      layout_basic, hangedman_feature_mirror, uniq_terence
D:3:      layout_basic, old_standard_altar, uniq_robin

Skill      XL: |  1  2  3  4 |
---------------+-------------+-----
Stealth        | 2 3 4 5 |  5.6
Dodging        | 3 |  3.3
Unarmed Combat | 4 |  4.0
Fighting       | |  1.0
Spellcasting   | |  2.0
Transmutations | |  2.1

Action                   |  1- 3 |  4- 6 || total
-------------------------+-------+-------++-------
Melee: Unarmed           |   101 |   115 ||   216
       Bite              |     8 |     8 ||    16
       Punch             |     1 |     2 ||     3
       Headbutt          |       |     4 ||     4
 Cast: Beastly Appendage |       |     7 ||     7
  Use: Scroll            |       |     3 ||     3
 Stab: Sleeping          |    11 |     7 ||    18
       Distracted        |       |     1 ||     1
  Eat: Chunk             |     9 |     9 ||    18
Armor: Skin              |     2 |    10 ||    12
Dodge: Dodged            |    72 |   141 ||   213
